 Dungeon Crawl Stone Soup version 0.22-a0-69-g116c2a8 (webtiles) character file.

68 KristoblXynda the Slasher (level 4, -9/36 HPs)
             Began as a Draconian Gladiator on Jan 11, 2018.
             Mangled by an ogre
             ... wielding a +0 giant club
              (26 damage)
             ... on level 3 of the Dungeon.
             The game lasted 00:03:02 (2117 turns).

KristoblXynda the Slasher (Draconian Gladiator)     Turns: 2117, Time: 00:03:02

Health: -9/36      AC:  7    Str: 17    XL:     4   Next: 1%
Magic:  4/4        EV: 13    Int:  9    God:
Gold:   182        SH:  0    Dex: 12    Spells: 3/3 levels left

rFire    . . .     SeeInvis .   a - +0 long sword
rCold    . . .     Gourm    .   (no shield)
rNeg     . . .     Faith    .   (armour unavailable)
rPois    +         Spirit   .   b - +0 hat
rElec    .         Reflect  .   (no cloak)
rCorr    +         Harm     .   l - +0 pair of gloves
MR       .....                  q - +0 pair of boots
Stlth    +.........             (no amulet)
HPRegen  0.12/turn              h - ring of resist corrosion
MPRegen  0.09/turn              n - ring of poison resistance

@: no status effects
A: unfitting armour, cold-blooded, AC +5
a: no special abilities


You were on level 3 of the Dungeon.
You were not hungry.

You visited 1 branch of the dungeon, and saw 3 of its levels.

You collected 182 gold pieces.

Inventory:

Hand Weapons
 a - a +0 long sword (weapon)
Missiles
 c - 3 throwing nets (quivered)
Armour
 b - a +0 hat (worn)
 l - a +0 pair of gloves (worn)
 q - a +0 pair of boots (worn)
Jewellery
 h - a ring of resist corrosion (left hand)
 n - a ring of poison resistance (right hand)
Wands
 r - a wand of iceblast (10)
Scrolls
 e - 2 scrolls of identify {unknown}
 g - 3 scrolls of enchant weapon {unknown}
 i - 2 scrolls of enchant armour {unknown}
 j - a scroll of magic mapping {unknown}
 k - 3 scrolls of remove curse {unknown}
 m - 3 scrolls of teleportation {unknown}
 o - a scroll of amnesia {unknown}
 u - a scroll of blinking {unknown}
 v - a scroll of fear {unknown}
Potions
 f - 3 potions of curing {unknown}
 p - a potion of haste {unknown}
 s - a potion of heal wounds {unknown}
 t - a potion of might {unknown}
 w - a potion of degeneration {unknown}
 x - a potion of berserk rage {unknown}
Books
 y - a book of Misfortune

   Spells                             Type                      Level
   a - Confusing Touch                Hexes                        1
   b - Confuse                        Hexes                        3
   c - Gell's Gravitas                Translocation                3
   d - Petrify                        Transmutation/Earth          4
   e - Metabolic Englaciation         Hexes/Ice                    5
   f - Yara's Violent Unravelling     Hexes/Transmutation          5
Comestibles
 d - 8 rations


   Skills:
 - Level 2.1 Fighting
 + Level 3.7 Long Blades
 + Level 2.6 Throwing
 + Level 3.3 Dodging


You had 3 spell levels left.
You didn't know any spells.

Dungeon Overview and Level Annotations

Branches:
Dungeon (3/15)

Altars:
Okawaru


Innate Abilities, Weirdness & Mutations

Your plain brown scales are hard. (AC +5)
You cannot fit into any form of body armour.
You are cold-blooded and may be slowed by cold attacks.


Message History

You have reached level 4!
You feel stronger.
An ogre comes into view. It is wielding a giant club.
An ogre is nearby!
An ogre is nearby!
An ogre is nearby!
The helpless ogre fails to defend itself.
You hit the ogre.
The ogre is lightly wounded.
The ogre misses you.
You hit the ogre but do no damage.
The ogre is lightly wounded.
The ogre hits you with a giant club!!
Ouch! That really hurt!
You slash the ogre!
You tail-slap the ogre, but do no damage.
The ogre is heavily wounded.
The ogre hits you with a giant club!!
Ouch! That really hurt!
You die...

..............#
#####....†♣.♣.♣#
#.........#.
##.....♣...♣.
.......(†...#.
######......♣.♣.♣.
#....#..........##
#.##.#............
#@##.#.#+##.###.##
#O##.#. #.# #...
..##.# #.######
.####.# ##.#..... #.
#.# #..#.####
#.####.# #.#.##.##..
#....#.#.#.#.#.....#
#....#.#.#.#.##.....
#....#.#.#.#..'.....


You could see an ogre.

Vanquished Creatures
  An ooze (D:1)
  2 dart slugs
  A leopard gecko (D:3)
  7 bats
  5 giant cockroaches
  8 goblins
  7 hobgoblins
  6 jackals
  5 kobolds
  A quokka (D:3)
  A ball python (D:3)
  A frilled lizard (D:1)
  5 rats
50 creatures vanquished.

Notes
Turn   | Place    | Note
-------+----------+-------------------------------------------
     0 | D:1      | KristoblXynda the Draconian Gladiator began the quest for the Orb.
     0 | D:1      | Reached XP level 1. HP: 17/17 MP: 1/1
    63 | D:1      | Reached XP level 2. HP: 20/24 MP: 2/2
   410 | D:1      | Reached XP level 3. HP: 17/29 MP: 3/3
   894 | D:2      | Found an iron altar of Okawaru.
  2102 | D:3      | Reached XP level 4. HP: 36/36 MP: 4/4
  2112 | D:3      | Noticed an ogre
  2117 | D:3      | Mangled by an ogre

Vault maps used:
D:1:      saegor_arrival_simple_f
D:2:      minmay_tree_intersection, kennysheep_okawaru_gauntlet
D:3:      serial_forest, infiniplex_forest_lined_ring,
          infiniplex_forest_lined_room_, infiniplex_forest_lined_corner,
          infiniplex_forest_end_double, infiniplex_forest_straight_2,
          serial_bayou_pond_e

Skill      XL: |  1  2 |
---------------+-------+-----
Throwing       | 2 |  2.6
Dodging        | 3 |  3.3
Fighting       | |  2.1
Long Blades    | |  3.7

Action                   |  1- 3 |  4- 6 || total
-------------------------+-------+-------++-------
Melee: Long sword        |   115 |     3 ||   118
       Tailslap          |    12 |     1 ||    13
 Stab: Sleeping          |     1 |     1 ||     2
  Eat: Ration            |     1 |       ||     1
       Chunk             |     1 |       ||     1
Armor: Skin              |    49 |       ||    49
Dodge: Dodged            |   106 |     1 ||   107
       Rpst.: Long sword |    28 |       ||    28

Table legend:
 A = Spawn XP
 B = Non-spawn XP
 C = Spawn XP percentage of total XP
 D = Spawn monster count
 E = Non-spawn monster count
 F = Spawn count percentage of total count
 G = Total turns spent on level
                    A         B        C        D         E        F      G
               +---------+---------+-------+---------+---------+-------+---------
         Total |       0 |      98 |   0.0 |       0 |      50 |   0.0 |  2117
               +---------+---------+-------+---------+---------+-------+---------
           D:1 |       0 |      46 |   0.0 |       0 |      21 |   0.0 |   482
           D:2 |       0 |      21 |   0.0 |       0 |      13 |   0.0 |   874
           D:3 |       0 |      31 |   0.0 |       0 |      16 |   0.0 |   761
               +---------+---------+-------+---------+---------+-------+---------
